 Dungeon Crawl Stone Soup version 0.29.0-5-ge4962eb29e (webtiles) character file.

Game seed: 17072475121913413611

2 ProzacElf the Magician (level 1, -1/13 HPs)
             Began as a Demonspawn Hedge Wizard on Aug 29, 2022.
             Slain by a quokka (3 damage)
             ... on level 1 of the Dungeon.
             The game lasted 00:00:44 (91 turns).

ProzacElf the Magician (Demonspawn Hedge Wizard)      Turns: 91, Time: 00:00:44

Health: -1/13      AC:  2    Str: 10    XL:     1   Next: 25%
Magic:  0/4        EV: 12    Int: 15    God:
Gold:   0          SH:  0    Dex: 12    Spells: 5/6 levels left

rFire   . . .      SeeInvis .   a - +0 dagger
rCold   . . .      Faith    .   (no shield)
rNeg    . . .      Spirit   .   b - +0 robe
rPois   .          Reflect  .   c - +0 hat
rElec   .          Harm     .   (no cloak)
rCorr   .          Rampage  .   (no gloves)
Will    .....                   (no boots)
Stlth   ++........              (no amulet)
HPRegen 0.04/turn               (no ring)
MPRegen 0.09/turn               (no ring)

@: no status effects
A: no striking features
a: no special abilities


You were on level 1 of the Dungeon.
You visited 1 branch of the dungeon, and saw 1 of its levels.

Inventory:

Hand Weapons
 a - a +0 dagger (weapon)
Armour
 b - a +0 robe (worn)
 c - a +0 hat (worn)
Potions
 d - a potion of magic


   Skills:
 + Level 1.8 Dodging
 + Level 1.8 Stealth
 - Level 3.0 Spellcasting
 + Level 1.1 Conjurations
 - Level 1.0 Summonings
 - Level 0.8 Translocations


You had 5 spell levels left.
You knew the following spells:

 Your Spells              Type           Power      Damage    Failure   Level
a - Magic Dart            Conj           20%        1d4       13%         1

Your spell library contained the following spells:

 Spells                   Type           Power      Damage    Failure   Level
 Slow                     Hex            8%         N/A       21%         1
 Call Imp                 Summ           5%         N/A       21%         2
 Blink                    Tloc           8%         N/A       22%         2
 Conjure Flame            Conj/Fire      3%         6-21      43%         3
 Mephitic Cloud           Conj/Pois/Air  3%         N/A       45%         3


Dungeon Overview and Level Annotations

Branches:
Dungeon (1/15)

Altars:


Message History

Ye now haf 3/4 mp.
Castin': Magic Dart (safe; 13% risk o' failure) Confirm wit' . or Enter, or press ? or * ta list all spells.
Aimin': Magic Dart (safe; 13% risk o' failure)
Press: ? - help, Shift-Dir - straight line, f/p - bat
Aim: a bat (moderately wounded, 100% ta hit) Tha magic dart hits tha bat.
Tha bat be severely wounded.
Tha bat barely misses ye.
Tha quokka barely misses ye.
Ye now haf 2/4 mp.
Castin': Magic Dart (safe; 13% risk o' failure) Confirm wit' . or Enter, or press ? or * ta list all spells.
Aimin': Magic Dart (safe; 13% risk o' failure)
Press: ? - help, Shift-Dir - straight line, f/p - bat
Aim: a bat (moderately wounded, 100% ta hit) Tha magic dart hits tha bat but does nay damage.
Tha bat be moderately wounded.
Tha bat closely misses ye.
Tha quokka bites ye.
* * * LOW HITPOINT WARNIN'
* * * Tha bat closely misses ye.
Ye take 5 damage, an' haf 2/13 hp.
MASSIVE DAMAGE!!
Ye now haf 1/4 mp.
Castin': Magic Dart (safe; 13% risk o' failure) Confirm wit' . or Enter, or press ? or * ta list all spells.
Aimin': Magic Dart (safe; 13% risk o' failure)
Press: ? - help, Shift-Dir - straight line, f/p - bat
Aim: a bat (moderately wounded, 100% ta hit) Tha magic dart hits tha bat.
Ye kill tha bat!
Tha quokka bites ye but does nay damage.
Ye now haf 0/4 mp.
Castin': Magic Dart (safe; 13% risk o' failure) Confirm wit' . or Enter, or press ? or * ta list all spells.
Ye dinnae haf enough magic ta cast 'tis spell.
Ye closely miss tha quokka.
Tha quokka barely misses ye.
Ye closely miss tha quokka.
Tha quokka barely misses ye.
Tha quokka bites ye but does nay damage.
Ye hit tha quokka.
Tha quokka be almost dead.
Tha quokka bites ye.
Ye die...

#...##########
##............#
.......######.# .......#
#.# .......# #.#
##...#.# #.# #...#.#
#.#########. ###.##.#
#........... .##.##.#
#...@r...# .##.##.####
#...†....... ..........#
##.......##. ...........
............
.......##.####..........
.####### ....$...#.# .#
##.......# # .#
#.####### .#


You could see a quokka.

Vanquished Creatures
  A hobgoblin (D:1)
  A bat (D:1)
2 creatures vanquished.

Notes
Turn   | Place    | Note
-------+----------+-------------------------------------------
     0 | D:1      | ProzacElf the Demonspawn Hedge Wizard began the quest for
                  | the Orb.
     0 | D:1      | Reached XP level 1. HP: 13/13 MP: 4/4
    91 | D:1      | Slain by a quokka

Illustrated notes

Levels and vault maps discovered:
D:1:      ncdulo_smallfort, layout_loops_ring, ebering_ecumenical_altar_rust,
          minmay_pentomino_u4

Action                   || total
-------------------------++-------
Melee: Dagger            ||     9
       Punch             ||     1
 Cast: Magic Dart        ||     4
Armor: Robe              ||     5
Dodge: Dodged            ||    14
